 Dungeon Crawl Stone Soup version 0.29.1-2-gbd0b4ee654 (webtiles) character file.

Game seed: 17137573312149370113

11 Raikaria the Firebug (level 2, 0/22 HPs)
             Began as a Draconian Fire Elementalist on Nov 7, 2022.
             Frozen to death by an endoplasm (5 damage)
             ... on level 1 of the Dungeon.
             The game lasted 00:01:36 (215 turns).

Raikaria the Firebug (Draconian Fire Elementalist)   Turns: 215, Time: 00:01:36

Health: 0/22       AC:  4    Str: 10    XL:     2   Next: 17%
Magic:  0/5        EV: 12    Int: 15    God:
Gold:   0          SH:  0    Dex: 11    Spells: 4/5 levels left

rFire   . . .      SeeInvis .   c - +0 spear
rCold   . . .      Faith    .   (no shield)
rNeg    . . .      Spirit   .   (body armour unavailable)
rPois   .          Reflect  .   (helmet restricted)
rElec   .          Harm     .   (no cloak)
rCorr   .          Rampage  .   (no gloves)
Will    .....                   (no boots)
Stlth   ++........              (no amulet)
HPRegen 0.07/turn               (no ring)
MPRegen 0.09/turn               (no ring)

@: no status effects
A: AC +4, unfitting armour, cold-blooded
a: no special abilities


You were on level 1 of the Dungeon.
You visited 1 branch of the dungeon, and saw 1 of its levels.

Inventory:

Hand Weapons
 c - a +0 spear (weapon)
Potions
 a - a potion of magic
 b - a potion of resistance {unknown}


   Skills:
 + Level 0.7 Fighting
 - Level 1.7 Dodging
 - Level 1.7 Stealth
 + Level 2.2 Spellcasting
 + Level 1.3 Conjurations
 + Level 3.1 Fire Magic


You had 4 spell levels left.
You knew the following spells:

 Your Spells              Type           Power      Damage    Failure   Level
a - Foxfire               Conj/Fire      32%        2x1d5     9%          1

Your spell library contained the following spells:

 Spells                   Type           Power      Damage    Failure   Level
 Scorch                   Fire           22%        2d6       9%          2
 Conjure Flame            Conj/Fire      8%         6-21      26%         3
 Inner Flame              Hex/Fire       6%         N/A       34%         3
 Flame Wave               Conj/Fire      8%         2d5       65%         4


Dungeon Overview and Level Annotations

Branches:
Dungeon (1/15)

Altars:


Innate Abilities, Weirdness & Mutations

Your plain brown scales are hard. (AC +4)
You cannot fit into any form of body armour.
You are cold-blooded and may be slowed by cold attacks.


Message History

The endoplasm is severely wounded.
The endoplasm freezes you.
You are frozen.
You feel as though you will be slow longer.
The endoplasm hits you but does no damage.
Your magical contamination has completely faded away.
You hit the endoplasm but do no damage.
The endoplasm is severely wounded.
The endoplasm hits you.
You hit the endoplasm.
The endoplasm is almost dead.
The endoplasm freezes you.
You are frozen.
The endoplasm closely misses you.
You hit the endoplasm but do no damage.
The endoplasm is almost dead.
You feel yourself speed up.
The endoplasm hits you but does no damage.
You hit the endoplasm but do no damage.
Your tail-slap misses the endoplasm.
The endoplasm is almost dead.
The endoplasm freezes you.
You are frozen.
You feel yourself slow down. The endoplasm hits you.
* * * LOW HITPOINT WARNING * * *
You hit the endoplasm but do no damage.
The endoplasm is almost dead.
The endoplasm barely misses you.
You hit the endoplasm but do no damage.
The endoplasm is almost dead.
You feel yourself speed up.
The endoplasm hits you but does no damage.
The endoplasm barely misses you.
Casting: Foxfire (safe; 9% risk of failure)
Confirm with . or Enter, or press ? or * to list all spells.
You conjure some foxfire!
The endoplasm barely misses you.
Your foxfire dissipates!
Casting: Foxfire (safe; 9% risk of failure)
Confirm with . or Enter, or press ? or * to list all spells.
You conjure some foxfire!
The endoplasm freezes you.
You are frozen.
You die...

#.###..........#
#..........####
#.>...........#
###........##.
......#.....#
##.#....#.###
.......##.#
.###..#. #J#
#...#. #@## ...
#. #vv## ..
##..# ##.# . #†#
.. . ..#.# #.#
..###.#.# #..#.
....#.#.# ..#..
#..(#.##....#


You could see an endoplasm (ally target).

Vanquished Creatures
  An endoplasm (D:1)
  3 giant cockroaches (D:1)
  4 jackals (D:1)
  A frilled lizard (D:1)
9 creatures vanquished.

Vanquished Creatures (others)
  14 foxfires (D:1)
14 creatures vanquished.

Grand Total: 23 creatures vanquished

Notes
Turn   | Place    | Note
-------+----------+-------------------------------------------
     0 | D:1      | Raikaria the Draconian Fire Elementalist began the quest
                  | for the Orb.
     0 | D:1      | Reached XP level 1. HP: 14/14 MP: 3/3
   188 | D:1      | Reached XP level 2. HP: 22/22 MP: 0/5
   215 | D:1      | Frozen to death by an endoplasm

Illustrated notes

Levels and vault maps discovered:
D:1:      zelgadis_glass_arrival_small, layout_rooms, serial_shops,
          shop_fountains, ebering_ecumenical_altar_abandoned

Action                   || total
-------------------------++-------
Melee: Spear             ||    21
       Tailslap          ||     1
 Cast: Foxfire           ||    10
Armor: Skin              ||     7
Dodge: Dodged            ||    11
